 Dungeon Crawl Stone Soup version 0.22.1-5-g62c59d9 (webtiles) character file.

179 orangequarter the Cutter (level 5, -7/42 HPs)
             Began as a Demonspawn Berserker on Jan 10, 2019.
             Was a Priest of Trog.
             Splashed by a jelly's acid (8 damage)
             ... on level 3 of the Dungeon.
             The game lasted 00:05:32 (2963 turns).

orangequarter the Cutter (Demonspawn Berserker)     Turns: 2963, Time: 00:05:34

Health: -7/42      AC: -13   Str: 18    XL:     5   Next: 32%
Magic:  0/5        EV: 12    Int:  9    God:    Trog [***...]
Gold:   154        SH:  5    Dex: 12    Spells: 4/4 levels left

rFire    + . .     SeeInvis .   i - +1 short sword (venom)
rCold    . . .     Gourm    .   o - +2 buckler
rNeg     . . .     Faith    .   b - +0 animal skin
rPois    .         Spirit   +   (no helmet)
rElec    .         Reflect  .   (no cloak)
rCorr    .         Harm     .   (no gloves)
MR       .....                  (no boots)
Stlth    ++........             (no amulet)
HPRegen  0.14/turn              (no ring)
MPRegen  0.09/turn              (no ring)

@: lethally poisoned (-7 -> -8), corroded
A: claws 1, fire resistance 1, magic shield
a: Berserk, Trog's Hand, Renounce Religion


You were on level 3 of the Dungeon.
You worshipped Trog.
Trog was most pleased with you.
You were not hungry.

You visited 1 branch of the dungeon, and saw 3 of its levels.

You collected 154 gold pieces.

Inventory:

Hand Weapons
 a - a +0 short sword
 i - a +1 short sword of venom (weapon)
Armour
 b - a +0 animal skin (worn)
 o - a +2 buckler (worn)
Wands
 k - a wand of polymorph (8)
Scrolls
 d - a scroll of remove curse {unknown}
 f - 2 scrolls of identify {unknown}
 g - 2 scrolls of teleportation {unknown}
 j - a scroll of blinking {unknown}
 l - a scroll of fear {unknown}
Potions
 e - 2 potions of curing {unknown}
 h - a potion of degeneration {unknown}
 m - a potion of heal wounds {unknown}
 n - a potion of berserk rage {unknown}
Comestibles
 c - 4 rations


   Skills:
 + Level 3.8 Fighting
 + Level 4.2 Short Blades
 + Level 2.0 Armour
 + Level 2.5 Dodging
 + Level 1.5 Stealth


You had 4 spell levels left.
You didn't know any spells.
Your spell library was empty.

Dungeon Overview and Level Annotations

Branches:
Dungeon (3/15)

Altars:
Ru


Innate Abilities, Weirdness & Mutations

You have sharp fingernails.
Your flesh is heat resistant. (rF+)
When hurt, damage is shared between your health and your magic reserves.


Message History

A rat comes into view.
The jelly misses you.
Found an orange potion and a viscous pink potion.
You hit the jelly.
Your claws burn!
* * * LOW HITPOINT WARNING * * *
The jelly is heavily wounded.
The jelly misses you.
You hit the jelly. The acid corrodes you!
Your claws burn!
* * * LOW HITPOINT WARNING * * *
The jelly is almost dead.
You feel sick. The jelly closely misses you.
You completely miss the jelly.
The jelly is almost dead.
You hit the jelly but do no damage.
The jelly is poisoned.
Your claws burn!
* * * LOW HITPOINT WARNING * * *
The jelly is almost dead.
The jelly hits you.
* * * LOW HITPOINT WARNING * * *
The acid corrodes you!
You are splashed with acid!
The acid burns!
You die...

#..........#
#####..........#
..............##
................
.............##
#.........#
###.#######
###############.#
.......@Jg......#
....r..##.....###
..................
..?...###########..
.....! .....! .....
.....


You could see a jelly, a goblin and a rat.

Vanquished Creatures
  An orc wizard (D:2)
  7 adders
  6 worms
  A leopard gecko (D:2)
  6 giant cockroaches
  7 goblins
  8 hobgoblins
  2 jackals (D:1)
  9 kobolds
  2 quokkas
  2 ball pythons (D:2)
  6 bats
  5 frilled lizards
  8 rats
  A fungus (D:1)
71 creatures vanquished.

Notes
Turn   | Place    | Note
-------+----------+-------------------------------------------
     0 | D:1      | orangequarter the Demonspawn Berserker began the quest for
                  | the Orb.
     0 | D:1      | Reached XP level 1. HP: 18/18 MP: 1/1
   804 | D:1      | Gained mutation: When hurt, damage is shared between your
                  | health and your magic reserves. [demonic ancestry]
   804 | D:1      | Reached XP level 2. HP: 24/24 MP: 2/2
   903 | D:1      | Reached skill level 3 in Short Blades
  1198 | D:1      | Reached ** piety under Trog
  1407 | D:1      | Gained mutation: You have sharp fingernails. [demonic
                  | ancestry]
  1407 | D:1      | Reached XP level 3. HP: 28/29 MP: 3/3
  1804 | D:2      | Reached skill level 1 in Stealth
  1827 | D:2      | Found a sacrificial altar of Ru.
  1840 | D:2      | Reached XP level 4. HP: 21/36 MP: 2/4
  2197 | D:2      | Reached skill level 4 in Short Blades
  2289 | D:2      | Gained mutation: Your flesh is heat resistant. (rF+)
                  | [demonic ancestry]
  2289 | D:2      | Reached XP level 5. HP: 36/42 MP: 5/5
  2671 | D:3      | Reached *** piety under Trog
  2963 | D:3      | HP: 1/42 [jelly (3)]
  2963 | D:3      | Splashed by a jelly's acid

Skill      XL: |  1  2  3  4 |
---------------+-------------+-----
Short Blades   | 3 4 |  4.2
Armour         | 2 |  2.0
Dodging        | 2 |  2.5
Stealth        | 1 |  1.5
Fighting       | |  3.8

Action                   |  1- 3 |  4- 6 || total
-------------------------+-------+-------++-------
Melee: Short sword       |   129 |   120 ||   249
 Stab: Sleeping          |     1 |     1 ||     2
       Distracted        |     1 |       ||     1
       Paralysed         |     1 |       ||     1
  Eat: Chunk             |     2 |     5 ||     7
Armor: Animal skin       |    35 |    29 ||    64
Dodge: Dodged            |    96 |    69 ||   165
Block: Buckler           |       |     4 ||     4
